 Dungeon Crawl Stone Soup version 0.22.1-1-ga44c0e56f4 (webtiles) character file.

82 Riddle the Skirmisher (level 4, -1/39 HPs)
             Began as a Barachi Monk on Sept 28, 2018.
             Killed from afar by an orc wizard (13 damage)
             ... with a puff of frost
             ... on level 3 of the Dungeon.
             The game lasted 00:04:18 (2517 turns).

Riddle the Skirmisher (Barachi Monk)                Turns: 2517, Time: 00:04:19

Health: -1/39      AC:  5    Str: 13    XL:     4   Next: 43%
Magic:  4/4        EV: 12    Int: 10    God:
Gold:   163        SH:  0    Dex: 15    Spells: 3/3 levels left

rFire    . . .     SeeInvis .   j - +0 war axe
rCold    . . .     Gourm    .   (no shield)
rNeg     . . .     Faith    .   k - +0 ring mail
rPois    .         Spirit   .   d - +0 hat
rElec    .         Reflect  .   (no cloak)
rCorr    .         Harm     .   (no gloves)
MR       .....                  (no boots)
Stlth    +.........             (no amulet)
HPRegen  0.13/turn              (no ring)
MPRegen  0.09/turn              (no ring)

@: slowed, very slow
A: +LOS, swims, slowness 1, strong legs 1
a: Hop


You were on level 3 of the Dungeon.
You were not hungry.

You visited 1 branch of the dungeon, and saw 3 of its levels.

You collected 163 gold pieces.

Inventory:

Hand Weapons
 j - a +0 war axe (weapon)
Armour
 d - a +0 hat (worn)
 k - a +0 ring mail (worn)
Scrolls
 e - a scroll of fear {unknown}
 i - a scroll of teleportation {unknown}
 m - a scroll of identify {unknown}
Potions
 b - a potion of curing {unknown}
 f - a potion of lignification {unknown}
 g - 2 potions of mutation {unknown}
 h - a potion of brilliance {unknown}
 l - a potion of cancellation {unknown}
Comestibles
 a - 4 chunks of flesh
 c - 7 rations


   Skills:
 + Level 5.0 Fighting
 + Level 4.6 Axes
 - Level 3.2 Dodging
 - Level 1.7 Stealth


You had 3 spell levels left.
You didn't know any spells.
Your spell library was empty.

Dungeon Overview and Level Annotations

Branches:
Dungeon (3/15)

Altars:
Hepliaklqana
Trog


Innate Abilities, Weirdness & Mutations

Shadows flee at your approach. (+LOS)
You can swim through water.
You cover ground slowly.
You can hop short distances.


Message History

The magic dart hits you!
The orc wizard points at you and mumbles some strange words.
The magic dart hits you!
The orc wizard hits you but does no damage.
The orc wizard points at you and mumbles some strange words.
The puff of frost hits you!
* * * LOW HITPOINT WARNING * * *
The orc wizard looks satisfied for a moment.
The orc wizard hits you but does no damage.
You closely miss the orc wizard.
The orc wizard is severely wounded.
The orc wizard barely misses you. The orc wizard closely misses you.
The orc wizard casts a spell.
The orc wizard flickers and vanishes!
Deactivating autopickup; reactivate with Ctrl-A.
You miss something. Something hits you but does no damage.
You hear some strange, mumbled words.
A puff of frost appears from out of thin air!
The puff of frost hits you!
You die...

..... #####.# #.# #.
#.....#..oo.# #.# #.
...S.o.o#.#.#
###.#######. #..%..o...#
#........##.
....#.#.......#
#........##.
#.#########...........
#.# ...........[..##.
#.#.##..###........### .#
#.#..@..# #........# #
.....####{#####'####### #
....o.w..o............###
.......#.###.............
....## #.# #..........###
.. #.# #..........# # #.#
##.#.####.## #.. ..#.# .#
### ####.# #


You could see an orc wizard.

Vanquished Creatures
  2 adders (D:2)
  2 dart slugs
  A leopard gecko (D:2)
  2 orcs
  7 bats
  2 giant cockroaches (D:2)
  8 goblins
  9 hobgoblins
  4 kobolds
  2 quokkas
  2 ball pythons
  4 frilled lizards
  10 rats
55 creatures vanquished.

Notes
Turn   | Place    | Note
-------+----------+-------------------------------------------
     0 | D:1      | Riddle the Barachi Monk began the quest for the Orb.
     0 | D:1      | Reached XP level 1. HP: 18/18 MP: 1/1
   274 | D:1      | Reached XP level 2. HP: 15/25 MP: 2/2
   404 | D:1      | Reached skill level 4 in Fighting
   820 | D:1      | Reached XP level 3. HP: 31/31 MP: 3/3
  1596 | D:2      | Reached XP level 4. HP: 38/38 MP: 4/4
  1866 | D:2      | Found a bloodstained altar of Trog.
  1872 | D:2      | Found a hazy altar of Hepliaklqana.
  2311 | D:3      | Reached skill level 5 in Fighting
  2517 | D:3      | Killed from afar by an orc wizard

Skill      XL: |  1  2  3  4 |
---------------+-------------+-----
Fighting       | 4 5 |  5.0
Axes           | 4 |  4.6
Dodging        | |  3.2
Stealth        | |  1.7

Action                   |  1- 3 |  4- 6 || total
-------------------------+-------+-------++-------
Melee: Hand axe          |    66 |       ||    66
       War axe           |    28 |    64 ||    92
 Stab: Sleeping          |     2 |       ||     2
  Eat: Chunk             |     2 |     4 ||     6
Armor: Robe              |    10 |       ||    10
       Ring mail         |     7 |    37 ||    44
Dodge: Dodged            |    75 |    56 ||   131
